 Dungeon Crawl Stone Soup version 0.29.1-2-gbd0b4ee654 (webtiles) character file.

Game seed: 12509389988198841118

23 GorkyZ the Shield-Bearer (level 3, 0/43 HPs)
             Began as a Formicid Fighter on Nov 23, 2022.
             Succumbed to a kobold's poison
             ... on level 1 of the Dungeon.
             The game lasted 00:03:35 (1141 turns).

GorkyZ the Shield-Bearer (Formicid Fighter)         Turns: 1141, Time: 00:03:36

Health: 0/43       AC: 21    Str: 22    XL:     3   Next: 10%
Magic:  3/3        EV:  2    Int:  7    God:
Gold:   54         SH:  5    Dex: 13    Spells: 2/2 levels left

rFire   . . .      SeeInvis .   a - +0 quarterstaff
rCold   . . .      Faith    .   c - +0 buckler
rNeg    . . .      Spirit   .   (body armour currently unavailable)
rPois   +          Reflect  .   (helmet unavailable)
rElec   .          Harm     .   (cloak currently unavailable)
rCorr   .          Rampage  .   (gloves currently unavailable)
Will    .....                   (boots currently unavailable)
Stlth   +.........              (no amulet)
HPRegen 0.14/turn               (no ring)
MPRegen 0.08/turn               (no ring)

@: brilliant, lethally poisoned (0 -> -1), tree-form, invisible
A: stationary, stasis, torment immunity, boosted hp, permanent stasis, dig
shafts and tunnels, (antennae 3), four strong arms
a: no special abilities


You were on level 1 of the Dungeon.
You were a tree.
You visited 1 branch of the dungeon, and saw 2 of its levels.

You collected 54 gold pieces.

Inventory:

Hand Weapons
 a - a +0 quarterstaff (weapon)
Missiles
 f - 5 atropa-tipped darts
 g - 6 poisoned darts
Armour
 b - a +0 scale mail (melded)
 c - a +0 buckler (worn)
Potions
 d - a potion of might


   Skills:
 + Level 3.4 Fighting
 + Level 0.3(1.3) Polearms
 + Level 2.1 Staves
 + Level 0.5 Throwing
 + Level 3.4 Armour
 + Level 0.4 Dodging
 + Level 4.1 Shields
 + Level 0.6 Invocations
 + Level 1.0 Evocations


You had 2 spell levels left.
You didn't know any spells.
Your spell library was empty.

Dungeon Overview and Level Annotations

Branches:
Dungeon (2/15)

Altars:


Innate Abilities, Weirdness & Mutations

You are a tree.
Your roots penetrate the ground, keeping you stationary.
You cannot be teleported.
You are immune to unholy pain and torment.
Your maximum health is greatly increased.
Your equipment is partially melded.
You cannot be hasted, slowed, berserked, paralysed or teleported.
You can dig through walls and to a lower floor.
((You have a pair of large antennae on your head. (SInv)))
Your four strong arms can wield two-handed weapons with a shield.


Message History

There is a stone staircase leading down here.
You see here a +0 dagger of venom.
* * * LOW HITPOINT WARNING * * *
You feel sick.
* * * LOW HITPOINT WARNING * * *
You feel sick.
There is a stone staircase leading down here.
You see here a +0 dagger of venom.
Okay, then.
It was a potion of invisibility.
You fade into invisibility!
* * * LOW HITPOINT WARNING * * *
You feel sick.
It was a potion of lignification.
You turn into a tree.
Your +0 scale mail melds into your body.
Your roots penetrate the ground.
* * * LOW HITPOINT WARNING * * *
You feel sick.
It was a potion of brilliance.
You feel clever all of a sudden.
* * * LOW HITPOINT WARNING * * *
You feel sick.
You cannot move.
There is a lethal amount of poison in your body!
There is a lethal amount of poison in your body!
As you read the scroll labelled KOTOETH HAIFFE, it crumbles to dust.
Your stasis prevents you from teleporting.
It was a scroll of blinking.
* * * LOW HITPOINT WARNING * * *
You feel sick.
As you read the scroll labelled BONIUM EDEREU, it crumbles to dust.
The air around you briefly surges with heat, but it dissipates.
It was a scroll of immolation.
* * * LOW HITPOINT WARNING * * *
You feel sick.
Unknown command.
You cannot move.
You cannot move.
You cannot move.
You die...

##### #...# { #####...# #
##'..#...# .. ..##.....#
##### #.. ..####...# #...
.. .
.#####...####.#####.#....
8#...'..........♣.....#
.#####...####.##.##...#
..# #...####.##.# #.#
..####........##.# #.#
##+........#####.# #.#
...........# #.# #.#
...........# #.# #.#
########'### #.# #.# #.#
#.# #.#+##


There were no monsters in sight!

Vanquished Creatures
  A dart slug (D:1)
  2 endoplasms (D:1)
  2 giant cockroaches (D:1)
  3 hobgoblins (D:1)
  A quokka (D:1)
  2 ball pythons (D:1)
  3 bats (D:1)
  3 frilled lizards (D:1)
  A goblin (D:1)
  2 kobolds (D:1)
20 creatures vanquished.

Notes
Turn   | Place    | Note
-------+----------+-------------------------------------------
     0 | D:1      | GorkyZ the Formicid Fighter began the quest for the Orb.
     0 | D:1      | Reached XP level 1. HP: 18/18 MP: 1/1
   167 | D:1      | Reached XP level 2. HP: 20/24 MP: 2/2
   359 | D:1      | Found a faded altar of an unknown god.
   448 | D:1      | You fall into a shaft and drop 1 floor!
  1003 | D:1      | Reached XP level 3. HP: 29/29 MP: 3/3
  1133 | D:1      | Reached skill level 1 in Evocations
  1138 | D:1      | HP: 2/43 [poisoned by a kobold]
  1141 | D:1      | Succumbed to a kobold's poison

Illustrated notes

Levels and vault maps discovered:
D:1:      nzn_arrival_settlement, layout_basic,
          hellmonk_ecumenical_altar_slurped_away
D:2:      layout_rooms

Skill      XL: |  1  2  3 |
---------------+----------+-----
Evocations     | 1 |  1.0
Fighting       | |  3.4
Polearms       | |  0.3
Staves         | |  2.1
Throwing       | |  0.5
Armour         | |  3.4
Dodging        | |  0.4
Shields        | |  4.1
Invocations    | |  0.6

Action                   || total
-------------------------++-------
Melee: Quarterstaff      ||    54
  Use: Potion            ||     3
       Scroll            ||     2
Armor: Scale mail        ||    25
Dodge: Dodged            ||    25
Block: Buckler           ||    16
